 Dungeon Crawl Stone Soup version 0.30.1 (webtiles) character file.

Game seed: 8307295487318549009

9 Dordric the Slasher (level 2, -1/23 HPs)
             Began as a Djinni Warper on July 5, 2023.
             Frozen to death by an endoplasm (4 damage)
             ... on level 1 of the Dungeon.
             The game lasted 00:00:16 (136 turns).

Dordric the Slasher (Djinni Warper)                  Turns: 136, Time: 00:00:17

Health: -1/23      AC:  3    Str: 10    XL:     2   Next: 25%
Gold:   12         EV: 11    Int: 14    God:
                   SH:  0    Dex: 12

rFire   + + .        a - +0 falchion
rCold   x . .        (no shield)
rNeg    . . .        b - +0 leather armour
rPois   ∞            (no helmet)
rElec   .            (no cloak)
rCorr   .            (no gloves)
SInv    .            (boots unavailable)
Will    .....        (no amulet)
Stlth   +            (no ring)
HPRegen 0.23/turn    (no ring)
MPRegen 0.00/turn

%: infuse magic (-2 HP)
@: flying
A: sickness immunity, fire resistance 2, cold vulnerability 1, float, innate
caster, HP casting, extra vitality 1
a: no special abilities


You were on level 1 of the Dungeon.
You visited 1 branch of the dungeon, and saw 1 of its levels.

You collected 12 gold pieces.

Inventory:

Hand Weapons
 a - a +0 falchion (weapon)
Missiles
 d - 7 boomerangs of dispersal (quivered)
 g - 6 silver boomerangs
Armour
 b - a +0 leather armour (worn)
Scrolls
 c - a scroll of blinking
Potions
 e - a potion of might {unknown}
 f - a potion of cancellation {unknown}


   Skills:
 - Level 2.0 Fighting
 + Level 2.5 Long Blades
 - Level 0.7 Throwing
 - Level 1.0 Armour
 - Level 2.1 Dodging
 - Level 2.4 Spellcasting


You knew the following spells:

 Your Spells              Type           Power      Damage    Failure   Level
a - Blink                 Tloc           16%        N/A       17%         2
b - Lesser Beckoning      Tloc           16%        N/A       17%         2
c - Vhi's Electric Charg  Tloc/Air       16%        N/A       34%         3
d - Teleport Other        Tloc           8%         N/A       34%         3
e - Manifold Assault      Tloc           8%         N/A       75%         4
Your spell library was empty.

Dungeon Overview and Level Annotations

Branches:
Dungeon (1/15)

Altars:


Innate Abilities, Weirdness & Mutations

You are immune to sickness and miasma.
You are immune to poison.
Your flesh is very heat resistant. (rF++)
You are vulnerable to cold. (rC-)
You float through the air rather than walking.
You learn spells naturally, not from books.
Your magical power is your life essence.
You have superior vitality. (+4 MHP)


Message History

You are too injured to fight recklessly!
You are too injured to fight recklessly!
You are too injured to fight recklessly!
You are too injured to fight recklessly!
You are too injured to fight recklessly!
You are too injured to fight recklessly!
You are too injured to fight recklessly!
You are too injured to fight recklessly!
You are too injured to fight recklessly!
You are too injured to fight recklessly!
The rat closely misses you. The quokka bites you.
You closely miss the quokka.
The quokka is heavily wounded.
The quokka closely misses you.
Unknown command.
The quokka twitches its whiskers.
The quokka closely misses you.
You closely miss the quokka.
The quokka is heavily wounded.
The quokka bites you.
* * * LOW HITPOINT WARNING * * *
You closely miss the quokka.
The quokka is heavily wounded.
The quokka bites you but does no damage.
You closely miss the quokka.
The quokka is heavily wounded.
The quokka misses you. x2
You hit the quokka.
You kill the quokka!
You barely miss the endoplasm. The endoplasm freezes you.
You are frozen.
You feel a terrible chill!
* * * LOW HITPOINT WARNING * * *
You hit the endoplasm.
The endoplasm is almost dead.
The endoplasm barely misses you. The endoplasm freezes you.
You are frozen.
You feel a terrible chill!
You die...

#. #.## ###...
##.#....# ###.
........####.....
......)...†....#
......###r####.#
..... #J# .... #@##
... #..# ## ##.####
## ####.....###....
#.................
##########.######
#...........####
..#####'#####...###
###§§≈≈≈≈§#####..##


You could see an endoplasm and a rat.

Vanquished Creatures
  A bat (D:1)
  3 goblins (D:1)
  2 hobgoblins (D:1)
  A quokka (D:1)
7 creatures vanquished.

Notes
Turn   | Place    | Note
-------+----------+-------------------------------------------
     0 | D:1      | Dordric the Djinni Warper began the quest for the Orb.
     0 | D:1      | Dordric set off with the following spells memorised: Blink,
                  | Lesser Beckoning, Vhi's Electric Charge, Teleport Other,
                  | Manifold Assault.
     0 | D:1      | Reached XP level 1. HP: 18/18 MP: 0/0
   119 | D:1      | Reached XP level 2. HP: 23/23 MP: 0/0
   136 | D:1      | Frozen to death by an endoplasm

Illustrated notes

Levels and vault maps discovered:
D:1:      dpeg_arrival_morbid_curiosity, layout_rooms,
          hellmonk_ecumenical_altar_heavens_door, minmay_misc_feat_columns,
          kennysheep_another_room

Skill      XL: |  1 |
---------------+----+-----
Long Blades    | 2 |  2.5
Fighting       | |  2.0
Throwing       | |  0.7
Armour         | |  1.0
Dodging        | |  2.1
Spellcasting   | |  2.4

Action                     || total
---------------------------++-------
  Melee: Falchion          ||    22
 Armour: Leather armour    ||     9
  Dodge: Dodged            ||    22
